 Dungeon Crawl Stone Soup version 0.28.0-45-g0d030f2227 (webtiles) character file.

Game seed: 12555402360778617275

9 DuloT34 the Ruffian (level 2, 0/25 HPs)
             Began as a Naga Transmuter on Apr 13, 2022.
             Slain by a hobgoblin (3 damage)
             ... on level 1 of the Dungeon.
             The game lasted 00:01:01 (292 turns).

DuloT34 the Ruffian (Naga Transmuter)                Turns: 292, Time: 00:01:01

Health: 0/25       AC:  1    Str: 12    XL:     2   Next: 16%
Magic:  5/5        EV: 10    Int: 13    God:
Gold:   15         SH:  0    Dex: 11    Spells: 4/5 levels left

rFire   . . .      SeeInvis +     - Unarmed
rCold   . . .      Faith    .   (no shield)
rNeg    . . .      Spirit   .   a - +0 robe
rPois   +          Reflect  .   (no helmet)
rElec   .          Harm     .   (no cloak)
rCorr   .          Rampage  .   (no gloves)
Will    .....                   (no barding)
Stlth   +.........              (no amulet)
HPRegen 0.08/turn               (no ring)
MPRegen 0.09/turn               (no ring)

@: very slow
A: AC +0, large, see invisible, deformed body, poison resistance, slowness 2,
spit poison 1, naga tail 1
a: Spit Poison


You were on level 1 of the Dungeon.
You visited 1 branch of the dungeon, and saw 1 of its levels.

You collected 15 gold pieces.

Inventory:

Armour
 a - a +0 robe (worn)


   Skills:
 - Level 1.0 Fighting
 + Level 2.0 Dodging
 + Level 3.3 Unarmed Combat
 - Level 2.0 Spellcasting
 - Level 2.0 Transmutations


You had 4 spell levels left.
You knew the following spells:

 Your Spells              Type           Power      Damage    Failure   Level
a - Beastly Appendage     Tmut           12%        N/A       11%         1

Your spell library contained the following spells:

 Spells                   Type           Power      Damage    Failure   Level
 Wereblood                Tmut           6%         N/A       17%         2
 Spider Form              Tmut/Pois      3%         N/A       45%         3
 Ice Form                 Ice/Tmut       3%         N/A       86%         4


Dungeon Overview and Level Annotations

Branches:
Dungeon (1/15)

Altars:


Innate Abilities, Weirdness & Mutations

Your serpentine skin is tough. (AC +0)
You have supernaturally acute eyesight. (SInv)
Armour fits poorly on your strangely shaped body.
Your system is resistant to poisons. (rPois)
You cover ground very slowly.
You can spit poison.
You have a snake-like lower body.


Message History

Casting: Beastly Appendage (safe; 11% risk of failure)
Confirm with . or Enter, or press ? or * to list all spells.
You grow a pair of large bovine horns.
Your transformation is almost over.
A hobgoblin comes into view.
You have got your breath back.
The hobgoblin shouts!
A rat comes into view.
A goblin comes into view. It is wielding a +0 dagger.
The hobgoblin hits you but does no damage.
An endoplasm comes into view.
The rat barely misses you.
You completely miss the hobgoblin.
You headbutt the hobgoblin, but do no damage.
Your punch misses the hobgoblin. The hobgoblin barely misses you.
The rat bites you. The hobgoblin hits you. x2
The rat bites you. The hobgoblin closely misses you.
The endoplasm barely misses you. The rat bites you but does no damage.
The endoplasm freezes you.
You are frozen.
You hit the rat.
You kill the rat!
The hobgoblin closely misses you. The endoplasm closely misses you.
You hit the endoplasm.
The endoplasm is heavily wounded.
The hobgoblin hits you.
The endoplasm hits you but does no damage.
You hit the endoplasm. You headbutt the endoplasm.
You kill the endoplasm!
Your horns disappear.
The rat bites you. The hobgoblin hits you.
* * * LOW HITPOINT WARNING * * *
Your Dodging skill increases to level 2!
You miss the goblin. The rat bites you.
* * * LOW HITPOINT WARNING * * *
The goblin hits you with a +0 dagger.
* * * LOW HITPOINT WARNING * * *
The hobgoblin hits you.
You die...

....#..#♣..##...#..####### .
#.#.. ♣..♣###'#.....♣♣♣♣
#....###..♣♣#.#♣♣......♣##
..#.#.††...♣#.######.....#
...##.#..###.♣#..#...'....##
...........##♣#..'...'....#
......###.#.##########♣♣♣##
..... #....###### .....
##..##.#@.#### ..>
....#..##.grg...# ...
#..............#
##...........#...
#.>.............
..†.#.........#...
.....#.........#...
.....#.........# ##
.....#.........#


You could see a hobgoblin, a goblin and a rat.

Vanquished Creatures
  A ball python (D:1)
  A bat (D:1)
  An endoplasm (D:1)
  3 hobgoblins (D:1)
  2 rats (D:1)
8 creatures vanquished.

Notes
Turn   | Place    | Note
-------+----------+-------------------------------------------
     0 | D:1      | DuloT34 the Naga Transmuter began the quest for the Orb.
     0 | D:1      | Reached XP level 1. HP: 18/18 MP: 3/3
   281 | D:1      | Reached XP level 2. HP: 25/25 MP: 5/5
   292 | D:1      | Slain by a hobgoblin

Illustrated notes

Levels and vault maps discovered:
D:1:      sevenhm_arrival_forest_fort_small_5, layout_rooms,
          hangedman_abyss_or_decor_lesser_grid

Skill      XL: |  1  2 |
---------------+-------+-----
Dodging        | 2 |  2.0
Fighting       | |  1.0
Unarmed Combat | |  3.3
Spellcasting   | |  2.0
Transmutations | |  2.0

Action                   || total
-------------------------++-------
Melee: Unarmed           ||    19
       Headbutt          ||     4
 Cast: Beastly Appendage ||     2
 Abil: Spit Poison       ||     2
Armor: Robe              ||     6
Dodge: Dodged            ||    21
